 Dungeon Crawl Stone Soup version 0.28.0 (webtiles) character file.

Game seed: 6715419677046836534

8101 GrayStillPlays the Blocker (level 11, -5/89 HPs)
             Began as a Gnoll Fighter on Feb 15, 2022.
             Was a Priest of Okawaru.
             Slain by an eight-headed hydra (12 damage)
             ... on level 1 of the Lair of Beasts.
             The game lasted 00:23:44 (12547 turns).

GrayStillPlays the Blocker (Gnoll Fighter)         Turns: 12547, Time: 00:23:45

Health: -5/89      AC: 17    Str: 17    XL:     11   Next: 25%
Magic:  20/20      EV: 11    Int: 12    God:    Okawaru [***...]
Gold:   177        SH:  6    Dex: 12    Spells: 22/22 levels left

rFire   . . .      SeeInvis .   m - +3 dagger (vamp) {short}
rCold   + + .      Faith    .   c - +0 buckler
rNeg    . . .      Spirit   .   p - +3 scale mail of Ynufalaaf {Harm Rampage Int+2}
rPois   .          Reflect  .   l - +0 helmet
rElec   .          Harm     +   (no cloak)
rCorr   .          Rampage  +   P - +0 pair of gloves
Will    .....                   x - +2 pair of boots
Stlth   ++........              (no amulet)
HPRegen 0.24/turn               i - ring of protection from cold
MPRegen 0.17/turn               b - ring of protection from cold

@: no status effects
A: fangs 1, strong nose, distributed training
a: Renounce Religion, Heroism


You were on level 1 of the Lair of Beasts.
You worshipped Okawaru.
Okawaru was most pleased with you.
You visited 3 branches of the dungeon, and saw 10 of its levels.
You also visited: Ossuary.

You collected 348 gold pieces.
You spent 171 gold pieces at shops.


Innate Abilities, Weirdness & Mutations

You have very sharp teeth.
Your uncanny sense of smell can sniff out nearby items.
Your experience applies equally to all skills.


   Skills:
 + Level 9.1 Fighting
 + Level 6.1 Short Blades
 + Level 6.1 Long Blades
 + Level 7.7 Axes
 + Level 6.1 Maces & Flails
 + Level 6.1 Polearms
 + Level 6.1 Staves
 + Level 6.1 Slings
 + Level 6.1 Bows
 + Level 6.1 Crossbows
 + Level 6.1 Throwing
 + Level 9.1 Armour
 + Level 6.1 Dodging
 + Level 6.1 Stealth
 + Level 9.1 Shields
 + Level 6.1 Unarmed Combat
 + Level 6.1 Spellcasting
 + Level 5.0 Conjurations
 + Level 5.0 Hexes
 + Level 5.0 Summonings
 + Level 5.0 Necromancy
 + Level 5.0 Translocations
 + Level 5.0 Transmutations
 + Level 5.0 Fire Magic
 + Level 5.0 Ice Magic
 + Level 5.0 Air Magic
 + Level 5.0 Earth Magic
 + Level 5.0 Poison Magic
 + Level 6.7 Invocations
 + Level 6.1 Evocations


You had 22 spell levels left.
You didn't know any spells.
Your spell library contained the following spells:

 Spells                   Type           Power      Damage    Failure   Level
 Corpse Rot               Necr/Air       30%        N/A       12%         2
 Ensorcelled Hibernation  Hex/Ice        30%        N/A       12%         2
 Passwall                 Tmut/Erth      12%        N/A       12%         2
 Searing Ray              Conj           30%        2d5       12%         2
 Static Discharge         Conj/Air       15%        N/A       12%         2
 Conjure Flame            Conj/Fire      15%        6-21      22%         3
 Gell's Gravitas          Tloc           15%        N/A       22%         3
 Ignite Poison            Fire/Tmut/Pois 15%        N/A       22%         3
 Lesser Beckoning         Tloc           15%        N/A       22%         3
 Ozocubu's Armour         Ice            15%        N/A       22%         3
 Swiftness                Air            15%        N/A       22%         3
 Teleport Other           Tloc           15%        N/A       22%         3
 Dispel Undead            Necr           15%        3d10      58%         4
 Petrify                  Tmut/Erth      15%        N/A       58%         4
 Sticky Flame             Conj/Fire      15%        2d4       58%         4
 Metabolic Englaciation   Hex/Ice        7%         N/A       91%         5
 Statue Form              Tmut/Erth      10%        N/A       100%        6
 Ozocubu's Refrigeration  Ice            7%         4d6       100%        7
 Death Channel            Necr           Unusable   N/A       N/A         6

Inventory:

Hand Weapons
 a - a +0 war axe {axe}
 m - a +3 vampiric dagger (weapon) {short}
   (You took it off a goblin on level 2 of the Dungeon)
 t - a +6 long sword {long}
   (You found it on level 4 of the Dungeon)
 y - a +1 whip of venom {mace}
   (You took it off a gnoll on level 5 of the Dungeon)
 A - a +2 whip of electrocution {mace}
   (You took it off a gnoll on level 5 of the Dungeon)
 E - a +3 great sword {long}
   (You took it off a wight on level 5 of the Dungeon)
 J - a +0 dagger of electrocution {short}
   (You took it off an orc wizard on level 7 of the Dungeon)
Missiles
 e - 209 stones (quivered) {throwing}
 g - 30 sling bullets
 n - 3 boomerangs {throwing}
 z - 2 throwing nets {=f!fthrowing}
 B - 148 arrows
 H - 142 bolts
 K - 3 silver boomerangs {throwing}
 O - 3 poisoned darts {throwing}
Armour
 c - a +0 buckler (worn)
 k - a +0 chain mail
   (You found it on level 1 of the Dungeon)
 l - a +0 helmet (worn)
   (You took it off Robin on level 2 of the Dungeon)
 p - the +3 scale mail of Ynufalaaf (worn) {Harm Rampage Int+2}
   (You bought it in a shop on level 3 of the Dungeon)

   Int:       It affects your intelligence (+2).
   Harm:      It increases damage dealt and taken.
   Rampage:   It bestows one free step when moving towards enemies.
 x - a +2 pair of boots (worn)
   (You found it on level 4 of the Dungeon)
 P - a +0 pair of gloves (worn)
   (You found it on level 7 of the Dungeon)
 U - an orb of energy
   (You found it on level 1 of the Lair of Beasts)
Magical Staves
 s - a staff of fire {!astaff}
   (You found it on level 4 of the Dungeon)
Jewellery
 b - a ring of protection from cold (right hand)
   (You found it on level 2 of the Dungeon)
 i - a ring of protection from cold (left hand)
   (You found it on level 1 of the Dungeon)
 q - a ring of flight
   (You found it on level 4 of the Dungeon)
 D - a ring of willpower
   (You found it on level 5 of the Dungeon)
 F - a ring of protection from cold
   (You found it on level 5 of the Dungeon)
 Q - a ring of positive energy
   (You found it on level 8 of the Dungeon)
Wands
 h - a wand of acid (3)
   (You found it on level 7 of the Dungeon)
 v - a wand of polymorph (23)
   (You found it on level 4 of the Dungeon)
 I - a wand of iceblast (11)
   (You found it on level 6 of the Dungeon)
Scrolls
 r - 2 scrolls of enchant weapon
 u - 2 scrolls of teleportation {@r4}
 w - a scroll of blinking {!r}
 M - a scroll of silence {unknown}
 T - a scroll of amnesia {unknown}
Potions
 d - a potion of might
 f - a potion of ambrosia {unknown}
 j - 3 potions of flight {unknown}
 o - 5 potions of curing {@q1}
 C - a potion of heal wounds {@q2}
 G - a potion of attraction {unknown}
 L - 3 potions of lignification {unknown}
 N - 2 potions of magic {unknown}
 R - a potion of resistance {unknown}
 S - 4 potions of haste {@q3}

Dungeon Overview and Level Annotations

Branches:
Dungeon (8/15)             Temple (1/1) D:7            Lair (1/6) D:8
Ossuary (visited)

Altars:
Ashenzari
Cheibriados
Dithmenos
Elyvilon
Fedhas
Hepliaklqana
Kikubaaqudgha
Makhleb
Nemelex Xobeh
Okawaru
Qazlal
Ru
Sif Muna
Trog
Uskayaw
Wu Jian
Xom
Yredelemnul
Zin
The Shining One

Shops:
D:3 [   D:4 ?   D:6 :   D:7 ([![[

Portals:
Abyss: D:6

Annotations:
D:6 2 transporters, Bricks's ghost, novice TrBe

... #.............#.<..#...
...#......................
.+#.#...##.##.####......###
...........................
........................>..
...........................
...........................
.......................#...
###.####....@D...............
P##.######....####.##.....#....
..##......##....#######..........
..##......##....'....##.....#....
..##......##....##....#..........
..##......#.....'....##..........
..##......##....#######.....#....
..#######'##....###.##...........
..#######.##................#+.##


You could see an eight-headed hydra.


Message History

Press: ? - help, Q - select action, (/) - cycle Shift-Dir - straight line The mass of ice explodes!
The iceblast engulfs the black mamba!!
You hear a roar!
You rampage towards the black mamba!
An eight-headed hydra comes into view.
The eight-headed hydra roars!
The black mamba closely misses you.
The eight-headed hydra moves out of view.
You hit the black mamba.
You kill the black mamba!
Okawaru accepts your kill.
You see here a black mamba corpse.
Aiming: Iceblast
Press: ? - help, Q - select action, (/) - cycle Shift-Dir - straight line, f - eight-headed hydra
Aim: an eight-headed hydra The mass of ice explodes!
The iceblast engulfs the eight-headed hydra!!
The eight-headed hydra bites you but does no damage.
The eight-headed hydra barely misses you.
The eight-headed hydra closely misses you.
You block the eight-headed hydra's attack.
The eight-headed hydra bites you but does no damage.
The eight-headed hydra bites you!
The eight-headed hydra bites you but does no damage. x2 😕 HP[-8]
You take 8 damage, and now have 81/89 hp.
You feel a sense of dread.
m - a +3 vampiric dagger (weapon)
{short} The eight-headed hydra closely misses you.
The eight-headed hydra bites you. x2
The eight-headed hydra bites you but does no damage. x2
The eight-headed hydra barely misses you.
You block the eight-headed hydra's attack.
The eight-headed hydra bites you! 😮 HP[-18]
You take 18 damage, and now have 63/89 hp.
MASSIVE DAMAGE!! (PAUSE)
You hit the eight-headed hydra.
You feel better.
You bite the eight-headed hydra. 😮 HP[+3]
You regained 3 hp, and now have 66/89 hp.
You hit the eight-headed hydra.
The eight-headed hydra bites you but does no damage. x3
You block the eight-headed hydra's attack. x2
The eight-headed hydra bites you but does no damage. x2
The eight-headed hydra bites you. 😮 HP[-3]
You take 3 damage, and now have 63/89 hp.
You hit the eight-headed hydra. The eight-headed hydra bites you!
The eight-headed hydra closely misses you.
You block the eight-headed hydra's attack.
The eight-headed hydra bites you but does no damage. x4
The eight-headed hydra bites you!
* * * LOW HITPOINT WARNING * * *
😨 HP[-28]
You take 28 damage, and now have 35/89 hp.
MASSIVE DAMAGE!! (PAUSE)
You gain the combat prowess of a mighty hero.
The eight-headed hydra bites you!
* * * LOW HITPOINT WARNING * * *
You block the eight-headed hydra's attack.
The eight-headed hydra bites you!
* * * LOW HITPOINT WARNING * * *
The eight-headed hydra bites you but does no damage.
The eight-headed hydra bites you!
* * * LOW HITPOINT WARNING * * *
The eight-headed hydra closely misses you.
The eight-headed hydra bites you but does no damage. x2 😱 HP[-33] MP[-2]
You take 33 damage, and now have 2/89 hp.
MASSIVE DAMAGE!! (PAUSE)
You lost 2 mp, and now have 18/20 mp. 😱 HP[+1] 😱 MP[+1] 😱 HP[+1] 😱 HP[+1] MP[+1]
Your mp is fully restored (20). 😱 HP[+1] 😱 HP[+1] 😱 HP[+1] 😱 HP[+1]
You feel like a meek peon again. 😱 HP[+1] 😱 HP[+1] 😱 HP[+1] 😱 HP[+1] 😱 HP[+1] 😱 HP[+1] 😱 HP[+1] 😱 HP[+1] 😱 HP[+1]
You block the eight-headed hydra's attack.
The eight-headed hydra bites you but does no damage.
The eight-headed hydra bites you!
* * * LOW HITPOINT WARNING * * *
The eight-headed hydra bites you.
* * * LOW HITPOINT WARNING * * *
The eight-headed hydra bites you but does no damage.
The eight-headed hydra bites you!
You die...

Skill      XL: |  1  2  3  4  5  6  7  8  9 10 11 |
---------------+----------------------------------+-----
Invocations    | 1 2 3 4 5 6 |  6.7
Short Blades   | 1 2 3 4 5 6 |  6.1
Long Blades    | 1 2 3 4 5 6 |  6.1
Maces & Flails | 1 2 3 4 5 6 |  6.1
Polearms       | 1 2 3 4 5 6 |  6.1
Staves         | 1 2 3 4 5 6 |  6.1
Slings         | 1 2 3 4 5 6 |  6.1
Bows           | 1 2 3 4 5 6 |  6.1
Crossbows      | 1 2 3 4 5 6 |  6.1
Throwing       | 1 2 3 4 5 6 |  6.1
Dodging        | 1 2 3 4 5 6 |  6.1
Stealth        | 1 2 3 4 5 6 |  6.1
Unarmed Combat | 1 2 3 4 5 6 |  6.1
Spellcasting   | 1 2 3 4 5 6 |  6.1
Evocations     | 1 2 3 4 5 6 |  6.1
Conjurations   | 1 2 3 4 5 |  5.0
Hexes          | 1 2 3 4 5 |  5.0
Summonings     | 1 2 3 4 5 |  5.0
Necromancy     | 1 2 3 4 5 |  5.0
Translocations | 1 2 3 4 5 |  5.0
Transmutations | 1 2 3 4 5 |  5.0
Fire Magic     | 1 2 3 4 5 |  5.0
Ice Magic      | 1 2 3 4 5 |  5.0
Air Magic      | 1 2 3 4 5 |  5.0
Earth Magic    | 1 2 3 4 5 |  5.0
Poison Magic   | 1 2 3 4 5 |  5.0
Axes           | 5 6 7 |  7.7
Fighting       | 7 8 9 |  9.1
Armour         | 7 8 9 |  9.1
Shields        | 7 8 9 |  9.1

Action                   |  1- 3 |  4- 6 |  7- 9 | 10-12 || total
-------------------------+-------+-------+-------+-------++-------
Melee: War axe           |   103 |    10 |       |       ||   113
       Bite              |     3 |    35 |    36 |    50 ||   124
       Dagger            |       |   212 |       |    39 ||   251
       Long sword        |       |       |   274 |   251 ||   525
Invok: Heroism           |       |       |       |     8 ||     8
Evoke: Wand              |       |       |     3 |     4 ||     7
  Use: Scroll            |       |       |     5 |     2 ||     7
       Potion            |       |       |       |     1 ||     1
 Stab: Sleeping          |       |       |       |     4 ||     4
Armor: Scale mail        |    36 |    30 |   172 |   157 ||   395
       Chain mail        |    22 |    60 |       |       ||    82
Dodge: Dodged            |    42 |    76 |   157 |   164 ||   439
Block: Buckler           |    29 |    56 |    72 |    80 ||   237

Levels and vault maps discovered:
D:1:      zelgadis_glass_arrival_small, layout_rooms,
          amcnicky_mini_corridor_feature, minmay_octomino_j4
D:2:      layout_basic, minmay_misc_feat_iff, uniq_robin
D:3:      layout_loops_cross, serial_shops, shop,
          hellmonk_ecumenical_altar_run_dry, uniq_natasha
D:4:      layout_loops_ring, gammafunk_ghost_grave, serial_shops, shop_fountains
D:5:      layout_basic
D:6:      layout_basic, serial_shops, kennysheep_mini,
          gammafunk_ghost_abyssal_escape, amcnicky_mini_pool_small
D:7:      layout_rooms, minmay_temple_entry_grid, serial_shops,
          nicolae_shop_waterfront, nicolae_lakefront_shop, shop, shop,
          nicolae_shop_crystal, kb_rosetta
D:8:      layout_rooms, david_lair_shrubbed,
          nicolae_ossuary_entry_false_entrances, st_stairs_4, uniq_grum
Temple:   mainiacjoe_temple_starburst
Lair:1:   minmay_lair_oklob_chamber, layout_regular_city, basic_altar,
          grunt_forest_stairs_basic

Notes
Turn   | Place    | Note
-------+----------+-------------------------------------------
     0 | D:1      | GrayStillPlays the Gnoll Fighter began the quest for the
                  | Orb.
     0 | D:1      | Reached XP level 1. HP: 23/23 MP: 1/1
     0 | D:1      | magus.rc [v1.9.6]
   174 | D:1      | Reached XP level 2. HP: 27/29 MP: 2/2
   277 | D:1      | You pick up a book of Decay and begin reading...
   277 | D:1      | You add the spells Corpse Rot, Dispel Undead and Death
                  | Channel to your library.
   330 | D:1      | You fall into a shaft and drop 1 floor!
   356 | D:2      | Reached XP level 3. HP: 26/35 MP: 3/3
   551 | D:1      | Reached skill level 1 in Invocations
   884 | D:2      | Reached skill level 1 in Short Blades
   884 | D:2      | Reached skill level 1 in Long Blades
   884 | D:2      | Reached skill level 1 in Maces & Flails
   884 | D:2      | Reached skill level 1 in Polearms
   884 | D:2      | Reached skill level 1 in Staves
   884 | D:2      | Reached skill level 1 in Slings
   884 | D:2      | Reached skill level 1 in Bows
   884 | D:2      | Reached skill level 1 in Crossbows
   884 | D:2      | Reached skill level 1 in Throwing
   884 | D:2      | Reached skill level 1 in Dodging
   884 | D:2      | Reached skill level 1 in Stealth
   884 | D:2      | Reached skill level 1 in Unarmed Combat
   884 | D:2      | Reached skill level 1 in Spellcasting
   884 | D:2      | Reached skill level 1 in Evocations
   910 | D:2      | Noticed Robin
   923 | D:2      | Killed Robin
   924 | D:2      | Reached XP level 4. HP: 34/41 MP: 5/5
  1490 | D:3      | Found a faded altar of an unknown god.
  1642 | D:3      | Noticed a phantom
  1677 | D:3      | Killed a phantom
  1678 | D:3      | Reached skill level 1 in Conjurations
  1678 | D:3      | Reached skill level 1 in Hexes
  1678 | D:3      | Reached skill level 1 in Summonings
  1678 | D:3      | Reached skill level 1 in Necromancy
  1678 | D:3      | Reached skill level 1 in Translocations
  1678 | D:3      | Reached skill level 1 in Transmutations
  1678 | D:3      | Reached skill level 1 in Fire Magic
  1678 | D:3      | Reached skill level 1 in Ice Magic
  1678 | D:3      | Reached skill level 1 in Air Magic
  1678 | D:3      | Reached skill level 1 in Earth Magic
  1678 | D:3      | Reached skill level 1 in Poison Magic
  1678 | D:3      | Reached XP level 5. HP: 32/47 MP: 5/7
  1806 | D:3      | You add the spells Conjure Flame, Ignite Poison and Sticky
                  | Flame to your library.
  1812 | D:3      | Found Boysow's Antique Armour Shoppe.
  1834 | D:3      | You add the spells Ozocubu's Armour and Ozocubu's
                  | Refrigeration to your library.
  2064 | D:3      | Noticed Natasha
  2071 | D:3      | Killed Natasha
  2118 | D:3      | Noticed Natasha
  2127 | D:3      | Killed Natasha
  2136 | D:3      | Reached XP level 6. HP: 53/53 MP: 8/8
  2154 | D:3      | Noticed Natasha
  2164 | D:3      | Killed Natasha
  2165 | D:3      | Reached skill level 2 in Invocations
  2603 | D:4      | Reached skill level 5 in Axes
  2684 | D:4      | Reached skill level 2 in Short Blades
  2684 | D:4      | Reached skill level 2 in Long Blades
  2684 | D:4      | Reached skill level 2 in Maces & Flails
  2684 | D:4      | Reached skill level 2 in Polearms
  2684 | D:4      | Reached skill level 2 in Staves
  2684 | D:4      | Reached skill level 2 in Slings
  2684 | D:4      | Reached skill level 2 in Bows
  2684 | D:4      | Reached skill level 2 in Crossbows
  2684 | D:4      | Reached skill level 2 in Throwing
  2684 | D:4      | Reached skill level 2 in Dodging
  2684 | D:4      | Reached skill level 2 in Stealth
  2684 | D:4      | Reached skill level 2 in Unarmed Combat
  2684 | D:4      | Reached skill level 2 in Spellcasting
  2684 | D:4      | Reached skill level 2 in Evocations
  2724 | D:4      | HP: 13/53 [iguana (2)]
  3024 | D:3      | Bought an encrusted scale mail for 171 gold pieces
  3024 | D:3      | Identified the +3 scale mail of Ynufalaaf {Harm Rampage
                  | Int+2} (You bought it in a shop on level 3 of the Dungeon)
  3370 | D:4      | Noticed a black bear
  3395 | D:4      | Killed a black bear
  3396 | D:4      | Reached skill level 7 in Fighting
  3396 | D:4      | Reached skill level 7 in Armour
  3396 | D:4      | Reached skill level 7 in Shields
  3396 | D:4      | Reached XP level 7. HP: 38/60 MP: 10/10
  3911 | D:4      | Reached skill level 2 in Conjurations
  3911 | D:4      | Reached skill level 2 in Hexes
  3911 | D:4      | Reached skill level 2 in Summonings
  3911 | D:4      | Reached skill level 2 in Necromancy
  3911 | D:4      | Reached skill level 2 in Translocations
  3911 | D:4      | Reached skill level 2 in Transmutations
  3911 | D:4      | Reached skill level 2 in Fire Magic
  3911 | D:4      | Reached skill level 2 in Ice Magic
  3911 | D:4      | Reached skill level 2 in Air Magic
  3911 | D:4      | Reached skill level 2 in Earth Magic
  3911 | D:4      | Reached skill level 2 in Poison Magic
  4334 | D:4      | Found Vaothrae's Magic Scroll Shoppe.
  4474 | D:4      | Found a runed translucent door.
  4474 | D:4      | Noticed croobank's ghost (novice OpTm)
  4728 | D:4      | Killed croobank's ghost
  4729 | D:4      | Reached skill level 3 in Short Blades
  4729 | D:4      | Reached skill level 3 in Long Blades
  4729 | D:4      | Reached skill level 3 in Maces & Flails
  4729 | D:4      | Reached skill level 3 in Polearms
  4729 | D:4      | Reached skill level 3 in Staves
  4729 | D:4      | Reached skill level 3 in Slings
  4729 | D:4      | Reached skill level 3 in Bows
  4729 | D:4      | Reached skill level 3 in Crossbows
  4729 | D:4      | Reached skill level 3 in Throwing
  4729 | D:4      | Reached skill level 3 in Dodging
  4729 | D:4      | Reached skill level 3 in Stealth
  4729 | D:4      | Reached skill level 3 in Unarmed Combat
  4729 | D:4      | Reached skill level 3 in Spellcasting
  4729 | D:4      | Reached skill level 3 in Invocations
  4729 | D:4      | Reached skill level 3 in Evocations
  4729 | D:4      | Reached XP level 8. HP: 33/67 MP: 10/12
  4947 | D:4      | You add the spells Static Discharge, Searing Ray and
                  | Ensorcelled Hibernation to your library.
  4947 | D:4      | Got Negraituk's Spellcraft, Part Two
  4971 | D:5      | Entered Level 5 of the Dungeon
  5549 | D:5      | Reached skill level 3 in Conjurations
  5549 | D:5      | Reached skill level 3 in Hexes
  5549 | D:5      | Reached skill level 3 in Summonings
  5549 | D:5      | Reached skill level 3 in Necromancy
  5549 | D:5      | Reached skill level 3 in Translocations
  5549 | D:5      | Reached skill level 3 in Transmutations
  5549 | D:5      | Reached skill level 3 in Fire Magic
  5549 | D:5      | Reached skill level 3 in Ice Magic
  5549 | D:5      | Reached skill level 3 in Air Magic
  5549 | D:5      | Reached skill level 3 in Earth Magic
  5549 | D:5      | Reached skill level 3 in Poison Magic
  5549 | D:5      | Reached skill level 4 in Invocations
  5550 | D:5      | You pick up a book of Displacement and begin reading...
  5550 | D:5      | You add the spells Lesser Beckoning, Gell's Gravitas and
                  | Teleport Other to your library.
  6053 | D:6      | You pick up a book of Sloth and begin reading...
  6053 | D:6      | You add the spells Petrify, Metabolic Englaciation and
                  | Statue Form to your library.
  6085 | D:6      | Reached skill level 6 in Axes
  6117 | D:6      | Reached XP level 9. HP: 73/73 MP: 14/14
  6122 | D:6      | Found a transporter.
  6132 | D:6      | Found a one-way gate to the infinite horrors of the Abyss.
  6132 | D:6      | Noticed Bricks's ghost (novice TrBe)
  6141 | D:6      | Noticed an ancient zyme
  6145 | D:6      | Noticed a toenail golem
  6174 | D:6      | HP: 18/73 [ogre (3)]
  6182 | D:6      | HP: 6/73 [ogre (14)]
  6684 | D:6      | Found Faafu's Book Shoppe.
  6742 | D:6      | Reached skill level 4 in Short Blades
  6742 | D:6      | Reached skill level 4 in Long Blades
  6742 | D:6      | Reached skill level 4 in Maces & Flails
  6742 | D:6      | Reached skill level 4 in Polearms
  6742 | D:6      | Reached skill level 4 in Staves
  6742 | D:6      | Reached skill level 4 in Slings
  6742 | D:6      | Reached skill level 4 in Bows
  6742 | D:6      | Reached skill level 4 in Crossbows
  6742 | D:6      | Reached skill level 4 in Throwing
  6742 | D:6      | Reached skill level 4 in Dodging
  6742 | D:6      | Reached skill level 4 in Stealth
  6742 | D:6      | Reached skill level 4 in Unarmed Combat
  6742 | D:6      | Reached skill level 4 in Spellcasting
  6742 | D:6      | Reached skill level 4 in Evocations
  6994 | D:6      | Found a transporter.
  7722 | D:7      | Found Iliog's Distillery.
  7791 | D:7      | Found a staircase to the Ecumenical Temple.
  7797 | Temple   | Entered the Ecumenical Temple
  8049 | Temple   | Became a worshipper of Warmaster Okawaru
  8340 | D:7      | Found Cagrax's Antique Armour Shop.
  8439 | D:7      | Found Kairuimo's Antique Armour Boutique.
  8733 | D:7      | Reached skill level 8 in Fighting
  8733 | D:7      | Reached skill level 8 in Armour
  8733 | D:7      | Reached skill level 8 in Shields
  8734 | D:7      | Found Nuukh's Armour Boutique.
  8818 | D:7      | Reached skill level 5 in Invocations
  8888 | D:7      | Noticed a manticore
  8890 | D:7      | Killed a manticore
  8890 | D:7      | Reached * piety under Okawaru
  8891 | D:7      | Reached skill level 4 in Conjurations
  8891 | D:7      | Reached skill level 4 in Hexes
  8891 | D:7      | Reached skill level 4 in Summonings
  8891 | D:7      | Reached skill level 4 in Necromancy
  8891 | D:7      | Reached skill level 4 in Translocations
  8891 | D:7      | Reached skill level 4 in Transmutations
  8891 | D:7      | Reached skill level 4 in Fire Magic
  8891 | D:7      | Reached skill level 4 in Ice Magic
  8891 | D:7      | Reached skill level 4 in Air Magic
  8891 | D:7      | Reached skill level 4 in Earth Magic
  8891 | D:7      | Reached skill level 4 in Poison Magic
  8891 | D:7      | Reached XP level 10. HP: 80/80 MP: 15/17
  8948 | D:7      | HP: 11/80 [acid dragon/splash of acid (33)]
  9226 | D:7      | Found Gakup's Antique Weapon Shop.
  9472 | D:7      | Reached skill level 5 in Short Blades
  9472 | D:7      | Reached skill level 5 in Long Blades
  9472 | D:7      | Reached skill level 5 in Maces & Flails
  9472 | D:7      | Reached skill level 5 in Polearms
  9472 | D:7      | Reached skill level 5 in Staves
  9472 | D:7      | Reached skill level 5 in Slings
  9472 | D:7      | Reached skill level 5 in Bows
  9472 | D:7      | Reached skill level 5 in Crossbows
  9472 | D:7      | Reached skill level 5 in Throwing
  9472 | D:7      | Reached skill level 5 in Dodging
  9472 | D:7      | Reached skill level 5 in Stealth
  9472 | D:7      | Reached skill level 5 in Unarmed Combat
  9472 | D:7      | Reached skill level 5 in Spellcasting
  9472 | D:7      | Reached skill level 5 in Evocations
  9987 | D:8      | Found a sand-covered staircase.
 10007 | Ossuary  | Entered an ossuary
 10130 | Ossuary  | Reached skill level 7 in Axes
 10304 | D:8      | Noticed Grum
 10614 | D:8      | Killed Grum
 10977 | D:8      | Found a staircase to the Lair.
 10986 | D:8      | You pick up a book of Burglary and begin reading...
 10986 | D:8      | You add the spells Passwall and Swiftness to your library.
 10996 | D:8      | HP: 20/82 [komodo dragon (22)]
 11095 | D:8      | Reached ** piety under Okawaru
 11377 | Lair:1   | Entered Level 1 of the Lair of Beasts
 11389 | Lair:1   | Noticed a cane toad
 11409 | D:8      | Killed a cane toad
 11410 | D:8      | Reached skill level 6 in Invocations
 11591 | Lair:1   | Found a broken altar of Ashenzari.
 11755 | Lair:1   | Noticed a black mamba
 11830 | Lair:1   | Reached XP level 11. HP: 39/87 MP: 19/19
 12132 | Lair:1   | Noticed a four-headed hydra
 12149 | Lair:1   | Killed a four-headed hydra
 12149 | Lair:1   | Reached *** piety under Okawaru
 12150 | Lair:1   | Reached skill level 9 in Fighting
 12150 | Lair:1   | Reached skill level 6 in Short Blades
 12150 | Lair:1   | Reached skill level 6 in Long Blades
 12150 | Lair:1   | Reached skill level 6 in Maces & Flails
 12150 | Lair:1   | Reached skill level 6 in Polearms
 12150 | Lair:1   | Reached skill level 6 in Staves
 12150 | Lair:1   | Reached skill level 6 in Slings
 12150 | Lair:1   | Reached skill level 6 in Bows
 12150 | Lair:1   | Reached skill level 6 in Crossbows
 12150 | Lair:1   | Reached skill level 6 in Throwing
 12150 | Lair:1   | Reached skill level 9 in Armour
 12150 | Lair:1   | Reached skill level 6 in Dodging
 12150 | Lair:1   | Reached skill level 6 in Stealth
 12150 | Lair:1   | Reached skill level 9 in Shields
 12150 | Lair:1   | Reached skill level 6 in Unarmed Combat
 12150 | Lair:1   | Reached skill level 6 in Spellcasting
 12150 | Lair:1   | Reached skill level 6 in Evocations
 12248 | Lair:1   | Reached skill level 5 in Conjurations
 12248 | Lair:1   | Reached skill level 5 in Hexes
 12248 | Lair:1   | Reached skill level 5 in Summonings
 12248 | Lair:1   | Reached skill level 5 in Necromancy
 12248 | Lair:1   | Reached skill level 5 in Translocations
 12248 | Lair:1   | Reached skill level 5 in Transmutations
 12248 | Lair:1   | Reached skill level 5 in Fire Magic
 12248 | Lair:1   | Reached skill level 5 in Ice Magic
 12248 | Lair:1   | Reached skill level 5 in Air Magic
 12248 | Lair:1   | Reached skill level 5 in Earth Magic
 12248 | Lair:1   | Reached skill level 5 in Poison Magic
 12468 | Lair:1   | Noticed an eight-headed hydra
 12478 | Lair:1   | HP: 20/89 [eight-headed hydra (15)]
 12478 | Lair:1   | HP: 2/89 [eight-headed hydra (8)]
 12547 | Lair:1   | HP: 10/89 [eight-headed hydra (9)]
 12547 | Lair:1   | Slain by an eight-headed hydra

Vanquished Creatures
  A hydra (Lair:1)
  A manticore (D:7)
  A black mamba (Lair:1)
  A cane toad (D:8)
  2 komodo dragons
  The ghost of croobank the Insei, a novice OpTm of Vehumet (D:4)
  A polar bear (D:8)
  A slime creature (D:7)
  2 wyverns
  A wraith (D:7)
  8 yaks (Lair:1)
  Grum (D:8)
  An acid dragon (D:7)
  A water moccasin (Lair:1)
  An ice beast (D:7)
  2 black bears
  2 sky beasts (D:7)
  An orc warrior (D:7)
  3 necrophages
  3 wolves (D:8)
  4 ogres
  A phantom (D:3)
  3 centaurs
  2 bullfrogs (Lair:1)
  2 scorpions
  A water moccasin zombie (Ossuary)
  A wyvern skeleton (D:4)
  A howler monkey (D:5)
  A killer bee (D:7)
  3 wights
  An electric eel (D:7)
  2 bullfrog zombies (D:5)
  5 centaur zombies
  A hound (D:6)
  3 gnoll shamans
  2 centaur skeletons
  An orc priest (D:7)
  6 iguanas
  4 orc wizards
  Natasha (thrice) (D:3)
  2 mummies (Ossuary)
  Robin (D:2)
  12 gnolls
  6 adders
  A shadow imp (D:4)
  2 ufetubi
  5 adder zombies (Ossuary)
  An adder skeleton (D:4)
  4 dart slugs
  3 worms
  9 orcs
  4 endoplasms
  3 giant cockroaches
  8 gnoll zombies (Ossuary)
  14 goblins
  6 hobgoblins
  2 jackals (D:4)
  3 quokkas
  12 ball pythons
  7 bats
  7 frilled lizards
  2 hobgoblin zombies (Ossuary)
  6 kobolds
  2 kobold zombies (Ossuary)
  5 orc zombies (Ossuary)
  A rat (D:1)
210 creatures vanquished.

Vanquished Creatures (others)
  8 plants
8 creatures vanquished.

Grand Total: 218 creatures vanquished

Table legend:
 A = Non-vault XP
 B = Vault XP
 C = Vault XP percentage of total XP
 D = Non-vault monster count
 E = Vault monster count
 F = Vault count percentage of total count
                 A         B        C        D         E       F
            +---------+---------+-------+---------+---------+-------
      Total |    8790 |    2783 |  24.0 |     162 |      48 |  22.9
            +---------+---------+-------+---------+---------+-------
        D:1 |      35 |       7 |  16.7 |      22 |       3 |  12.0
        D:2 |      39 |      26 |  40.0 |      23 |       7 |  23.3
        D:3 |     251 |      35 |  12.2 |      15 |       1 |   6.2
        D:4 |     706 |     360 |  33.8 |      27 |       1 |   3.6
        D:5 |     813 |       0 |   0.0 |      17 |       0 |   0.0
        D:6 |     715 |       0 |   0.0 |      16 |       0 |   0.0
        D:7 |    1153 |    1203 |  51.1 |      20 |       5 |  20.0
        D:8 |    1228 |     986 |  44.5 |       7 |       6 |  46.2
     Lair:1 |    3850 |       0 |   0.0 |      15 |       0 |   0.0
    Ossuary |       0 |     166 | 100.0 |       0 |      25 | 100.0
            +---------+---------+-------+---------+---------+-------

Illustrated notes

Table legend:
 A = Kills in this place as a percentage of kills in entire the game.
 B = Kills by you in this place as a percentage of kills by you in the entire game.
 C = Kills by friends in this place as a percentage of kills by friends in the entire game.
 D = Other kills in this place as a percentage of other kills in the entire game.
 E = Experience gained in this place as a percentage of experience gained in the entire game.
 F = Experience gained in this place divided by the number of levels of this place that you have seen.
                   A       B       C       D       E      F
               +-------+-------+-------+-------+-------+----------------------
         Total | 100.0 | 100.0 |   N/A |   N/A | 100.0 | 1052.1
       Dungeon |  81.0 |  81.0 |   N/A |   N/A |  65.3 | 944.6
          Lair |   7.1 |   7.1 |   N/A |   N/A |  33.3 | 3850.0
       Ossuary |  11.9 |  11.9 |   N/A |   N/A |   1.4 | 166.0
               +-------+-------+-------+-------+-------+----------------------

Table legend: (Time is in decaauts)
 A = Elapsed time spent in this place.
 B = Non-inter-level travel time spent in this place.
 C = Inter-level travel time spent in this place.
 D = Time resting spent in this place.
 E = Time spent auto-exploring this place.
 F = Levels seen in this place.
 G = Mean time per level.
                   A        B        C        D        E       F      G
               +--------+--------+--------+--------+--------+-----+--------+
         Total |  12672 |  12074 |    598 |   2107 |   7197 |  11 | 1152.0 |
       Dungeon |  10939 |  10616 |    323 |   1907 |   6595 |   8 | 1367.4 |
        Temple |    529 |    254 |    275 |      0 |    237 |   1 |  529.0 |
          Lair |    979 |    979 |      0 |    200 |    347 |   1 |  979.0 |
       Ossuary |    223 |    223 |      0 |      0 |     18 |   1 |  223.0 |
               +--------+--------+--------+--------+--------+-----+--------+

Top non-repeatable levels by time:
     D:4: 2492 daAuts
     D:7: 2068 daAuts
     D:8: 1285 daAuts
     D:3: 1237 daAuts
     D:6: 1181 daAuts
     D:5: 1162 daAuts
     D:2: 989 daAuts
  Lair:1: 979 daAuts
  Temple: 529 daAuts
     D:1: 520 daAuts
 Ossuary: 223 daAuts
